 Dungeon Crawl Stone Soup version 0.28-a0-1374-ga75cb3825e (webtiles) character file.

Game seed: 11251556310666059087

8110 strifetoe the Severer (level 11, -1/82 HPs)
             Began as a Minotaur Abyssal Knight on Jan 1, 2022.
             Was an Elder of Lugonu.
             Slain by a two-headed ogre (4 damage)
             ... on level 10 of the Dungeon.
             The game lasted 00:15:37 (10766 turns).

strifetoe the Severer (Minotaur Abyssal Knight)    Turns: 10766, Time: 00:15:38

Health: -1/82      AC: 17    Str: 32    XL:     11   Next: 5%
Magic:  17/17      EV:  8    Int:  5    God:    Lugonu [****..]
Gold:   501        SH: 10    Dex: 12    Spells: 10/10 levels left

rFire   . . .      SeeInvis .   o - +0 war axe
rCold   . . .      Faith    .   A - +0 tower shield
rNeg    . . .      Spirit   .   w - +6 storm dragon scales of a bailey {rElec Str+5 Stlth+}
rPois   .          Reflect  .   (helmet unavailable)
rElec   +          Harm     .   (no cloak)
rCorr   .          Rampage  .   (no gloves)
Will    .....      Rage     1%  (no boots)
Stlth   ..........              (no amulet)
HPRegen 0.23/turn               g - +4 ring of evasion
MPRegen 0.15/turn               q - +6 ring of strength

@: no status effects
A: horns 3, retaliatory headbutt, berserk 1, deterioration 1, dopey 1
a: Renounce Religion, Depart the Abyss, Bend Space, Banish, Corrupt


You were on level 10 of the Dungeon.
You worshipped Lugonu.
Lugonu was greatly pleased with you.
You visited 1 branch of the dungeon, and saw 10 of its levels.
You visited the Abyss 1 time.

You collected 501 gold pieces.

Inventory:

Hand Weapons
 a - a +2 hand axe
 e - a +1 dagger of venom
 o - a +0 war axe (weapon)
Missiles
 s - 3 throwing nets
Armour
 u - a +4 plate armour
 w - the +6 storm dragon scales of a bailey (worn) {rElec Str+5 Stlth+}
   (You found it on level 9 of the Dungeon)

   Str:       It affects your strength (+5).
   rElec:     It insulates you from electricity.
   Stlth:     It makes you more stealthy.
 A - a +0 tower shield (worn)
Jewellery
 b - a ring of protection from cold
 c - a ring of resist corrosion
 g - a +4 ring of evasion (left hand)
 i - a ring of wizardry
 k - a ring of magical power
 q - a +6 ring of strength (right hand)
Wands
 d - a wand of paralysis (11)
 h - a wand of flame (33)
 l - a wand of iceblast (13)
Scrolls
 f - a scroll of magic mapping
 j - a scroll of fear
 n - a scroll of blinking
 x - 3 scrolls of identify
 y - a scroll of acquirement {unknown}
 B - 2 scrolls of fog
Potions
 m - a potion of heal wounds
 p - 2 potions of curing
 t - 2 potions of lignification
 v - a potion of magic {unknown}
 z - a potion of flight
Miscellaneous
 r - a piece from Xom's chessboard (15/15)


   Skills:
 - Level 3.6 Fighting
 + Level 16.1 Axes
 - Level 2.4 Armour
 - Level 1.1 Dodging
 + Level 10.5 Invocations


You had 10 spell levels left.
You didn't know any spells.
Your spell library contained the following spells:

 Spells                   Type           Power      Damage    Failure   Level
 Magic Dart               Conj           0%         1d3       100%        1
 Searing Ray              Conj           0%         2d4       100%        2
 Fulminant Prism          Conj/Hex       0%         3d6       100%        4
 Olgreb's Toxic Radiance  Pois           0%         N/A       100%        4
 Passage of Golubria      Tloc           0%         N/A       100%        4
 Silence                  Hex/Air        0%         N/A       100%        5
 Ozocubu's Refrigeration  Ice            0%         4d5       100%        7
 Ignition                 Fire           0%         3d3       100%        8
 Lehudib's Crystal Spear  Conj/Erth      0%         10d2      100%        8


Dungeon Overview and Level Annotations

Branches:
Dungeon (10/15)            Temple (0/1) D:7            Lair (0/6) D:9
    Orc: D:9-12

Altars:
Ashenzari
Cheibriados
Makhleb
Nemelex Xobeh
Ru
Sif Muna
Trog
Vehumet
Wu Jian
Xom
The Shining One
Beogh

Shops:
D:7 (   D:10 [

Annotations:
D:3 1 runed translucent door, blank1's ghost, weakling DEFE
D:7 1 runed translucent door, sirJeffrey23's ghost, novice DsGl


Innate Abilities, Weirdness & Mutations

You have a pair of large horns on your head.
You reflexively headbutt those who attack you in melee.
You tend to lose your temper in combat.
Your body sometimes deteriorates upon taking damage.
You are dopey. (Int -2)


Message History

No target in view!
There is an entrance to Feuloul's Antique Armour Shoppe here.
You can access your shopping list by pressing '$'.
You open the door.
A two-headed ogre comes into view.
It is wielding a +0 giant club and a +0 giant spiked club.
The two-headed ogre shouts in stereo!
There is an open door here.
A two-headed ogre is nearby!
A two-headed ogre is nearby!
Found 16 poisoned darts.
You block the two-headed ogre's attack.
The two-headed ogre hits you with a +0 giant spiked club!
You hit the two-headed ogre. You headbutt the two-headed ogre!!
The two-headed ogre is heavily wounded.
The two-headed ogre hits you with a +0 giant club!
You block the two-headed ogre's attack.
You slash the two-headed ogre!
The two-headed ogre is heavily wounded.
The two-headed ogre hits you with a +0 giant club!!
The two-headed ogre hits you with a +0 giant spiked club.
* * * LOW HITPOINT WARNING * * *
You are too injured to fight recklessly!
You are too injured to fight recklessly!
You are too injured to fight recklessly!
You are too injured to fight recklessly!
You are too injured to fight recklessly!
You are too injured to fight recklessly!
You are too injured to fight recklessly!
You hit the two-headed ogre.
Your headbutt misses the two-headed ogre.
The two-headed ogre is severely wounded.
The two-headed ogre hits you with a +0 giant club.
* * * LOW HITPOINT WARNING * * *
The two-headed ogre hits you with a +0 giant spiked club!
* * * LOW HITPOINT WARNING * * *
You hit the two-headed ogre but do no damage.
You headbutt the two-headed ogre!
The two-headed ogre is almost dead.
The two-headed ogre hits you with a +0 giant club.
You die...

........>.....#
#......#......#
..............#######
#'###...............#
....#.........#...#.+
#####..........∩....#
#####....#####'###+#####
....#..#.# #...........
....#....# #.$.@.......
.<..#....# #....O......
##..'..#.# #...##......
#####....# #...# ......
# ###### #.... ...(. #
#.... ..... # ##+## ....
....


You could see a two-headed ogre.

Vanquished Creatures
  Harold (D:8)
  A two-headed ogre (D:9)
  Nergalle (D:10)
  Joseph (D:8)
  Grinder (D:6)
  2 wyverns
  10 yaks
  A steam dragon (D:8)
  An acid dragon (D:10)
  2 water moccasins
  9 orc warriors
  2 black bears
  A necrophage (D:4)
  3 centaurs
  3 ogres
  A phantom (D:4)
  2 kobold brigands (D:9)
  A bullfrog (D:7)
  A scorpion (D:5)
  3 killer bees (D:10)
  A howler monkey (D:9)
  3 jellies
  5 orc priests
  A hound (D:7)
  2 bullfrog skeletons
  5 iguanas
  A scorpion zombie (D:5)
  4 orc wizards
  A killer bee zombie (D:8)
  A hound zombie (D:5)
  A hound skeleton (D:4)
  4 gnolls (D:5)
  2 howler monkey skeletons
  8 adders
  A river rat (D:4)
  A shadow imp (D:4)
  3 white imps
  An ufetubus (D:5)
  An adder skeleton (D:4)
  4 worms
  3 dart slugs
  39 orcs
  8 endoplasms
  4 giant cockroaches (D:4)
  6 goblins
  4 hobgoblins
  6 jackals
  15 kobolds
  3 quokkas (D:1)
  8 ball pythons
  5 bats
  8 rats
206 creatures vanquished.

Vanquished Creatures (others)
  2 withered plants (D:3)
2 creatures vanquished.

Grand Total: 208 creatures vanquished

Notes
Turn   | Place    | Note
-------+----------+-------------------------------------------
     0 | Abyss:1  | strifetoe the Minotaur Abyssal Knight began the quest for
                  | the Orb.
     0 | Abyss:1  | Reached XP level 1. HP: 19/19 MP: 1/1
    53 | Abyss:1  | Noticed a small abomination
    57 | D:1      | Escaped the Abyss
   300 | D:1      | Found a faded altar of an unknown god.
   448 | D:1      | Reached * piety under Lugonu
   452 | D:1      | Reached skill level 3 in Axes
   647 | D:1      | Reached XP level 2. HP: 16/26 MP: 2/2
  1040 | D:1      | Reached skill level 4 in Axes
  1256 | D:2      | Reached XP level 3. HP: 28/31 MP: 3/3
  1987 | D:3      | Reached ** piety under Lugonu
  2001 | D:3      | Reached skill level 5 in Axes
  2006 | D:3      | Found a runed translucent door.
  2006 | D:3      | Noticed blank1's ghost (weakling DEFE)
  2211 | D:3      | Reached XP level 4. HP: 36/39 MP: 4/4
  2518 | D:4      | Reached skill level 6 in Axes
  2549 | D:4      | Noticed a phantom
  2568 | D:4      | Killed a phantom
  2569 | D:4      | Reached skill level 7 in Axes
  2569 | D:4      | Reached XP level 5. HP: 23/45 MP: 5/5
  2722 | D:4      | Noticed an ogre
  2727 | D:4      | Killed an ogre
  2728 | D:4      | Reached XP level 6. HP: 41/51 MP: 6/6
  2816 | D:4      | Reached skill level 8 in Axes
  2993 | D:4      | Found a radiant altar of Vehumet.
  3151 | D:4      | Reached skill level 9 in Axes
  3151 | D:4      | Reached XP level 7. HP: 31/57 MP: 7/7
  3553 | D:5      | Entered Level 5 of the Dungeon
  3614 | D:5      | Gained mutation: Your body sometimes deteriorates upon
                  | taking damage. [potion of mutation]
  3614 | D:5      | Gained mutation: You have hidden genetic defects. [potion
                  | of mutation]
  3614 | D:5      | Gained mutation: You have a pair of large horns on your
                  | head. [potion of mutation]
  3624 | D:5      | Reached skill level 10 in Axes
  3632 | D:5      | Reached *** piety under Lugonu
  3640 | D:5      | Gained mutation: You are dopey. (Int -2) [hidden defects]
  4320 | D:5      | Reached skill level 11 in Axes
  4328 | D:5      | Gained mutation: You tend to lose your temper in combat.
                  | [hidden defects]
  4328 | D:5      | Lost mutation: You have hidden genetic defects. [hidden
                  | defects expressed]
  4366 | D:5      | Found a shimmering altar of Xom.
  4414 | D:6      | Noticed Grinder
  4423 | D:6      | Killed Grinder
  4424 | D:6      | Reached XP level 8. HP: 51/64 MP: 7/9
  4486 | D:6      | Found a burning altar of Makhleb.
  4500 | D:6      | Found a snail-covered altar of Cheibriados.
  4996 | D:6      | Found a sparkling altar of Nemelex Xobeh.
  4997 | D:6      | Found a sacrificial altar of Ru.
  5003 | D:6      | Reached skill level 12 in Axes
  5519 | D:7      | Found Soudeicw's Antique Weapon Emporium.
  5563 | D:7      | Found a runed translucent door.
  5575 | D:7      | Reached skill level 5 in Invocations
  5576 | D:7      | Noticed sirJeffrey23's ghost (novice DsGl)
  5761 | D:7      | Reached XP level 9. HP: 66/70 MP: 12/12
  6128 | D:7      | Found a staircase to the Ecumenical Temple.
  6340 | D:8      | Noticed Harold
  6347 | D:8      | Killed Harold
  6348 | D:8      | Reached skill level 13 in Axes
  6428 | D:8      | Noticed a six-headed hydra
  6516 | D:8      | Noticed Joseph
  6546 | D:8      | Reached skill level 14 in Axes
  6552 | D:8      | Killed Joseph
  6771 | D:8      | Found a shimmering blue altar of Sif Muna.
  6855 | D:8      | Reached XP level 10. HP: 58/77 MP: 15/15
  6957 | D:8      | Found a broken altar of Ashenzari.
  8057 | D:8      | Found a glowing golden altar of the Shining One.
  8230 | D:8      | Banished a seven-headed hydra
  8231 | D:8      | Reached skill level 15 in Axes
  9165 | D:9      | Reached **** piety under Lugonu
  9448 | D:9      | Identified the +6 storm dragon scales of a bailey {rElec
                  | Str+5 Stlth+}
  9577 | D:9      | Found an ornate altar of the Wu Jian Council.
  9592 | D:9      | Noticed a two-headed ogre
  9605 | D:9      | Killed a two-headed ogre
  9606 | D:9      | Reached skill level 10 in Invocations
  9620 | D:9      | Found a staircase to the Lair.
 10314 | D:10     | Entered Level 10 of the Dungeon
 10318 | D:10     | Found a bloodstained altar of Trog.
 10353 | D:10     | Noticed Nergalle
 10363 | D:10     | Killed Nergalle
 10364 | D:10     | Reached skill level 16 in Axes
 10364 | D:10     | Reached XP level 11. HP: 50/82 MP: 17/17
 10750 | D:10     | Found Feuloul's Antique Armour Shoppe.
 10760 | D:10     | Noticed a two-headed ogre
 10765 | D:10     | HP: 3/82 [two-headed ogre (16)]
 10766 | D:10     | Slain by a two-headed ogre

Illustrated notes

Levels and vault maps discovered:
D:1:      tarquinn_simple_flora_water_f, layout_loops_cross,
          hellmonk_ecumenical_altar_crossroads
D:2:      minmay_evil_eye, layout_basic, corexii_shack
D:3:      layout_rooms, gammafunk_ghost_grave, kennysheep_generic_room_9
D:4:      layout_cave_pools, amcnicky_altar_gilded, portal_sewer_entry_e,
          minmay_fractal_squares_gapless_5
D:5:      layout_rooms, overflow_temple_1_default, amcnicky_mini_pool_small
D:6:      layout_rooms, kennysheep_slug_shrine, bloody_makhleb,
          jmf_multi_god_temple, uniq_grinder
D:7:      layout_basic, minmay_temple_entry_mist, serial_shops,
          nicolae_stop_n_shop_2, ebering_ghost_reflecting_pool
D:8:      layout_basic, ashenzari_altar_1, tso_metal_star, tgw_sif, special_room
          [special_room_orc], uniq_harold, uniq_joseph
D:9:      layout_basic, nzn_wu_jian_council_hall, lair_entry_dummy,
          minmay_misc_feat_rows
D:10:     minmay_flawed_box, layout_stronghold, lemuel_round_altar,
          serial_shops, shop, uniq_nergalle

Skill      XL: |  1  2  3  4  5  6  7  8  9 10 |
---------------+-------------------------------+-----
Axes           | 3 4 5 7 9 11 12 14 16 | 16.1
Invocations    | 3 5 8 10 | 10.5
Fighting       | |  3.6
Armour         | |  2.4
Dodging        | |  1.1

Action                   |  1- 3 |  4- 6 |  7- 9 | 10-12 || total
-------------------------+-------+-------+-------+-------++-------
Melee: Hand axe          |    97 |    86 |   159 |       ||   342
       Headbutt          |    18 |    16 |    52 |    35 ||   121
       War axe           |       |       |    43 |   152 ||   195
Invok: Depart the Abyss  |     1 |       |       |       ||     1
       Banish            |       |       |     3 |     1 ||     4
Evoke: Wand              |       |       |       |     7 ||     7
  Use: Scroll            |       |       |    13 |       ||    13
       Potion            |       |       |     4 |       ||     4
 Stab: Sleeping          |       |     1 |       |       ||     1
       Paralysed         |       |       |       |     2 ||     2
Armor: Leather armour    |    17 |       |       |       ||    17
       Plate armour      |       |    33 |    82 |    50 ||   165
       Storm dragon scal |       |       |       |    36 ||    36
Dodge: Dodged            |    62 |    38 |    81 |    74 ||   255
Block: Tower shield      |       |       |       |    18 ||    18

Table legend: (Time is in decaauts)
 A = Elapsed time spent in this place.
 B = Non-inter-level travel time spent in this place.
 C = Inter-level travel time spent in this place.
 D = Time resting spent in this place.
 E = Time spent auto-exploring this place.
 F = Levels seen in this place.
 G = Mean time per level.
                   A        B        C        D        E       F      G
               +--------+--------+--------+--------+--------+-----+--------+
         Total |  10780 |  10348 |    432 |   2542 |   6007 |  11 |  980.0 |
       Dungeon |  10723 |  10291 |    432 |   2542 |   6007 |  10 | 1072.3 |
         Abyss |     57 |     57 |      0 |      0 |      0 |   1 |   57.0 |
               +--------+--------+--------+--------+--------+-----+--------+

Top non-repeatable levels by time:
     D:8: 2082 daAuts
     D:7: 1508 daAuts
     D:9: 1235 daAuts
     D:1: 1113 daAuts
     D:4: 1066 daAuts
     D:6: 959 daAuts
     D:5: 900 daAuts
     D:2: 803 daAuts
     D:3: 597 daAuts
    D:10: 455 daAuts
 Abyss:1: 57 daAuts
